 Dungeon Crawl Stone Soup version 0.27.1-34-g3ba077fa99 (webtiles) character file.

Game seed: 433861404905939143

266 Delamore the Covert (level 6, -2/39 HPs)
             Began as an Octopode Brigand on Feb 17, 2022.
             Killed from afar by a white imp (8 damage)
             ... with a puff of frost
             ... summoned by Eustachio
             ... on level 3 of the Dungeon.
             The game lasted 00:03:43 (2987 turns).

Delamore the Covert (Octopode Brigand)              Turns: 2987, Time: 00:03:44

Health: -2/39      AC:  1    Str: 10    XL:     6   Next: 20%
Magic:  6/6        EV: 12    Int: 14    God:
Gold:   87         SH:  0    Dex: 15    Spells: 5/5 levels left

rFire    . . .     SeeInvis .   a - +2 dagger
rCold    . . .     Faith    .   (no shield)
rNeg     + + .     Spirit   .   (helmet restricted)
rPois    .         Reflect  .   (no amulet)
rElec    .         Harm     .   e - ring of positive energy
rCorr    +         Rampage  .   p - ring of wizardry
Will     .....                  r - ring of flight
Stlth    +++++.....             s - ring of positive energy
HPRegen  0.13/turn              v - ring of resist corrosion
MPRegen  0.10/turn              (no ring)
                                (no ring)
                                (no ring)

@: flying, hasted, very quick
A: almost no armour, amphibious, 8 rings, camouflage 1, gelatinous body 1,
(nimble swimmer 1), tentacles
a: no special abilities


You were on level 3 of the Dungeon.
You visited 1 branch of the dungeon, and saw 4 of its levels.

You collected 100 gold pieces.
You spent 13 gold pieces at shops.

Inventory:

Hand Weapons
 a - a +2 dagger (weapon)
Missiles
 b - 11 poisoned darts (quivered)
 m - 6 javelins
Jewellery
 e - a ring of positive energy (left tentacle)
 p - a ring of wizardry (right tentacle)
 r - a ring of flight (on tentacle)
 s - a ring of positive energy (on tentacle)
 v - a ring of resist corrosion (on tentacle)
Scrolls
 d - 2 scrolls of fog
 f - 2 scrolls of enchant weapon
 j - 3 scrolls of teleportation
 l - 2 scrolls of noise
 o - a scroll of amnesia {unknown}
 q - a scroll of vulnerability {unknown}
 t - a scroll of magic mapping {unknown}
Potions
 h - a potion of haste
 i - a potion of curing {unknown}
 k - 2 potions of might {unknown}
 n - a potion of flight {unknown}
 u - a potion of degeneration {unknown}


   Skills:
 - Level 2.0 Fighting
 + Level 3.9 Short Blades
 - Level 2.0 Throwing
 - Level 1.0 Dodging
 * Level 8.9 Stealth


You had 5 spell levels left.
You didn't know any spells.
Your spell library was empty.

Dungeon Overview and Level Annotations

Branches:
Dungeon (4/15)
 Temple: D:4-7

Altars:

Shops:
D:1 :   D:2 ?   D:4 [

Annotations:
D:3 Eustachio


Innate Abilities, Weirdness & Mutations

You cannot wear most types of armour.
You are amphibious.
You can wear up to eight rings at the same time.
Your skin changes colour to match your surroundings (Stealth+).
Your rubbery body absorbs attacks. (AC +1, EV +1)
((You are camouflaged near water. (Stealth+)))
You have tentacles for arms and can constrict up to eight enemies at once.


Message History

There is a stone staircase leading down here.
Throw: 2 darts (curare)
Press: ? - help, Q - select action, (/) - cycle Shift-Dir - straight line, f - Eustachio
Aim: Eustachio, wielding a +0 rapier and wearing a +0 leather armour (50% to hit)
You throw a curare-tipped dart.
The curare-tipped dart barely misses Eustachio.
Eustachio gestures wildly while chanting.
Eustachio blinks!
Throw: dart (curare)
Press: ? - help, Q - select action, (/) - cycle Shift-Dir - straight line, f/p - Eustachio
Aim: Eustachio, wielding a +0 rapier and wearing a +0 leather armour (50% to hit)
You throw a curare-tipped dart.
The curare-tipped dart barely misses Eustachio.
Eustachio mumbles some strange words.
You hit the quokka. Your grab misses the quokka.
The quokka is severely wounded.
The quokka bites you. Eustachio hits you with a +0 rapier.
The quokka bites you. x2
You miss Eustachio. Your grab misses Eustachio. Your squeeze misses Eustachio.
Eustachio gestures wildly while chanting.
The quokka bites you. x2
Eustachio calls on the powers of shadow!
Eustachio hits you with a +0 rapier!
* * * LOW HITPOINT WARNING * * *
The crimson imp hits you.
* * * LOW HITPOINT WARNING * * *
Okay, then.
As you read the scroll of fear, it crumbles to dust.
You assume a fearsome visage.
Eustachio looks frightened!
The quokka looks frightened! x2; The crimson imp is unaffected.
The iron imp is unaffected.
The white imp is unaffected.
Eustachio gestures wildly while chanting.
Eustachio blinks!
The crimson imp hits you.
* * * LOW HITPOINT WARNING * * *
Okay, then.
Okay, then.
It was a potion of haste.
You feel yourself speed up. The white imp gestures at you.
The puff of frost hits you!
You die...

#.......###.........<.....##
####.###.............####..####
#.# #.............# #..##.. #.#
#.............# #..#... #.#
#...#........## ##..... #.#
#...#.........# #..... #.#
#(..........(.######.... #.#
#.......5............... #.#
#.....5@>.....####...#.. #.#
#......ยง...........#.##. #.#
#...r>5........#####.##. #.#
#####r.....[.......#.).. #.#
##..............)[.<.# #.#
##......@......###[.... #.##
#<..............#...... #).#
#............>.....##.. ##.#
#..................####


You could see Eustachio (fleeing), an iron imp (summoned), a crimson imp
(summoned), a white imp (summoned) and 2 quokkas.

Vanquished Creatures
  An ogre (D:2)
  An orc priest (D:3)
  A hound (D:4)
  A hound skeleton (D:4)
  3 gnolls (D:4)
  An adder (D:3)
  A worm (D:2)
  A dart slug (D:2)
  8 orcs
  8 bats
  5 endoplasms
  6 giant cockroaches
  2 goblins
  4 hobgoblins
  3 jackals (D:3)
  6 kobolds
  4 quokkas
  3 ball pythons
  A frilled lizard (D:1)
  A rat (D:3)
61 creatures vanquished.

Notes
Turn   | Place    | Note
-------+----------+-------------------------------------------
     0 | D:1      | Delamore the Octopode Brigand began the quest for the Orb.
     0 | D:1      | Reached XP level 1. HP: 14/14 MP: 1/1
   187 | D:1      | Found Asilasy's Book Shop.
   199 | D:1      | Reached XP level 2. HP: 19/19 MP: 2/2
   367 | D:1      | Reached skill level 6 in Stealth
   871 | D:2      | Reached XP level 3. HP: 18/24 MP: 3/3
   966 | D:2      | Noticed an ogre
   984 | D:2      | Killed an ogre
   985 | D:2      | Reached skill level 7 in Stealth
   985 | D:2      | Reached XP level 4. HP: 29/29 MP: 4/4
  1232 | D:2      | Found Gasud's Magic Scroll Shop.
  1235 | D:2      | Bought a scroll of noise for 13 gold pieces
  1251 | D:2      | Reached XP level 5. HP: 34/34 MP: 5/5
  2029 | D:3      | Reached skill level 8 in Stealth
  2496 | D:4      | Reached XP level 6. HP: 39/39 MP: 6/6
  2716 | D:4      | Found Nufeunemn's Antique Armour Emporium.
  2727 | D:4      | Noticed Eustachio
  2987 | D:3      | Killed from afar by a white imp

Illustrated notes

Levels and vault maps discovered:
D:1:      psy_arrival_whirlpool, layout_basic, serial_shops, nicolae_shop_trees
D:2:      layout_basic, serial_shops, nicolae_shop_behind_doors
D:3:      layout_rooms
D:4:      layout_rooms, minmay_temple_entry_slanted, serial_shops, shop,
          grunt_ministairs_11, uniq_eustachio

Skill      XL: |  1  2  3  4  5 |
---------------+----------------+-----
Stealth        | 6 7 8 |  8.9
Short Blades   | 3 |  3.9
Fighting       | |  2.0
Throwing       | |  2.0
Dodging        | |  1.0

Action                   |  1- 3 |  4- 6 || total
-------------------------+-------+-------++-------
Melee: Dagger            |    29 |    81 ||   110
       Constrict         |     3 |    19 ||    22
       Tentacles         |     3 |    17 ||    20
Throw: Dart              |     2 |    28 ||    30
       Javelin           |       |     1 ||     1
  Use: Scroll            |     3 |     2 ||     5
       Potion            |       |     1 ||     1
 Stab: Sleeping          |    10 |    12 ||    22
Armor: Skin              |     2 |     3 ||     5
Dodge: Dodged            |    13 |    41 ||    54
